 Dungeon Crawl Stone Soup version 0.20-a0-1063-gb8e8b7e (webtiles) character file.

33350 Jarno the Grappler (level 13, -1/120 HPs)
             Began as a Troll Warper on Apr 28, 2017.
             Was a Priest of Uskayaw.
             Slain by an orc warrior
             ... wielding a +0 halberd
              (16 damage)
             ... on level 1 of the Orcish Mines.
             The game lasted 00:39:55 (14271 turns).

Jarno the Grappler (Troll Warper)                  Turns: 14271, Time: 00:39:56

Health: -1/120     AC: 13    Str: 22    XL:     13   Next: 36%
Magic:  6/15       EV: 15    Int:  9    God:    Uskayaw [***...]
Gold:   533        SH: 13    Dex: 13    Spells: 10/14 levels left

rFire    . . .     SeeInvis .     - Unarmed
rCold    + . .     Gourm    +   R - +2 shield
rNeg     . . .     Faith    .   Y - +1 robe {rC+}
rPois    .         Spirit   .   L - +1 hat
rElec    .         Reflect  .   J - +0 cloak
rCorr    .         Harm     .   (gloves unavailable)
MR       .....                  (boots unavailable)
Stlth    +.........             y - amulet of rage
Regen    0.7/turn               A - +2 ring of evasion
MPRegen  0.2/turn               z - +5 ring of protection

@: no status effects
A: unfitting armour, claws 3, fast metabolism 3, gourmand, regeneration 1,
shaggy fur 1, tough skin 2
a: Stomp, Line Pass, Renounce Religion, Evoke Berserk Rage


You were on level 1 of the Orcish Mines.
You worshipped Uskayaw.
Uskayaw was noncommittal.
You were very full.

You visited 5 branches of the dungeon, and saw 20 of its levels.
You also visited: Sewer.

You collected 1336 gold pieces.
You spent 803 gold pieces at shops.

Inventory:

Hand Weapons
 M - a +0 blowgun
Missiles
 d - 4 tomahawks of dispersal (quivered)
 i - 45 poisoned needles
 Q - 6 tomahawks
Armour
 J - a +0 cloak (worn)
 L - a +1 hat (worn)
 R - a +2 shield (worn)
 Y - a +1 robe of cold resistance (worn)
Jewellery
 m - an uncursed ring of protection from magic
 o - an uncursed ring of positive energy
 y - an amulet of rage (around neck)
 z - a +5 ring of protection (right claw)
 A - a +2 ring of evasion (left claw)
 E - a +3 amulet of reflection
 I - an uncursed ring of protection from fire
 U - an uncursed ring of protection from fire
 W - an uncursed ring of ice
Wands
 r - a wand of digging (8/24)
 G - a wand of confusion (24/48)
 P - a wand of iceblast (5/15)
Scrolls
 c - 3 scrolls of blinking
 g - a scroll of enchant weapon
 h - a scroll of summoning {unknown}
 j - a scroll of random uselessness
 l - 2 scrolls of fear
 x - 4 scrolls of magic mapping
 D - 2 scrolls of amnesia {unknown}
 F - 13 scrolls of remove curse {unknown}
 K - 2 scrolls of noise {unknown}
 T - a scroll of recharging {unknown}
 V - 3 scrolls of teleportation
Potions
 a - a potion of resistance {unknown}
 e - 2 potions of curing
 q - 4 potions of haste
 s - 4 potions of heal wounds
 t - 2 potions of ambrosia
 u - 6 potions of flight
 v - a potion of brilliance {unknown}
 B - a potion of lignification
 C - 3 potions of mutation
 H - 2 potions of berserk rage
 N - a potion of invisibility {unknown}
 X - a potion of agility {unknown}
 Z - a potion of might {unknown}
Books
 b - a book of Spatial Translocations

   Spells                             Type                      Level
   a - Blink                          Translocation                2
   b - Shroud of Golubria             Charms/Translocation         2
   c - Lesser Beckoning               Translocation                3
   d - Gell's Gravitas                Translocation                3
   e - Teleport Other                 Translocation                3
   f - Passage of Golubria            Translocation                4
Miscellaneous
 k - a lightning rod (4/4)
 S - a sack of spiders
Comestibles
 f - 7 bread rations
 n - 6 meat rations
 p - 15 fruits
 w - 2 chunks of flesh
 O - 4 royal jellies


   Skills:
 - Level 6.2 Fighting
 - Level 1.0 Throwing
 - Level 7.7 Dodging
 - Level 7.9 Shields
 - Level 14.3 Unarmed Combat
 - Level 1.2 Spellcasting
 - Level 1.9 Charms
 - Level 4.4 Translocations
 + Level 4.6 Invocations
 + Level 4.8 Evocations


You had 10 spell levels left.
You knew the following spells:

 Your Spells              Type           Power        Failure   Level  Hunger
a - Blink                 Tloc           N/A          11%         2    ###....
b - Shroud of Golubria    Chrm/Tloc      #.........   19%         2    ###....


Dungeon Overview and Level Annotations

Branches:
Dungeon (11/15)            Temple (1/1) D:7            Lair (5/6) D:8
  Swamp (0/4) Lair:4        Snake (0/4) Lair:4        Slime (1/5) Lair:5
    Orc (2/2) D:11            Elf (0/3) Orc:2

Altars:
Ashenzari
Cheibriados
Dithmenos
Elyvilon
Fedhas
Gozag
Hepliaklqana
Kikubaaqudgha
Makhleb
Nemelex Xobeh
Okawaru
Qazlal
Ru
Sif Muna
Trog
Uskayaw
Vehumet
Wu Jian
Xom
Yredelemnul
Zin
The Shining One
Beogh

Shops:
D:7 :   Orc:1 }   Orc:2 =[*

Annotations:
D:9 1 exclusion
D:11 Maurice
Lair:4 1 exclusion
Orc:2 1 exclusion


Innate Abilities, Weirdness & Mutations

You are too large for most types of armour.
You have claws for hands.
Your metabolism is lightning-fast.
You like to eat raw meat.
Your natural rate of healing is unusually fast.
You are covered in fur. (AC +1)
You have very tough skin. (AC +2)


Message History

The orc wizard is severely wounded.
You feel somewhat less full. You block the orc wizard's attack.
The orc misses you. The ogre hits you but does no damage.
The orc closely misses you. You block the orc warrior's attack.
Uskayaw will force your foes to share their pain.
Unknown command.
Unknown command.
You stomp with the beat, sending a shockwave through the revelers around you!
You kill the orc!
You kill the orc warrior!
The ogre is almost dead.
You kill the orc wizard!
You feel somewhat less full. The orc barely misses you.
The ogre hits you with a giant club.
* * * LOW HITPOINT WARNING * * *
Unknown command.
Unknown command.
You claw the ogre!
You kill the ogre!
The orc warrior hits you from afar with a halberd!
You die...

..... ....$..
..... .......
...... ......
....$. .....
..$...##..$# .
.......(..##...
.....o)))..$...
.....))@)......
......[)).....#
.....o.........
.....#.........
...............
...............
... .........##
............##


You could see an orc warrior and an orc.

Vanquished Creatures
  Gastronok (Lair:2)
  An orc warlord (Orc:2)
  An ettin (Orc:2)
  Fannar (D:10)
  Erolcha (D:11)
  A two-headed ogre (D:9)
  Urug (Lair:2)
  An unseen horror (D:11)
  The ghost of Shimatora the Destroyer, a novice OpCj of Vehumet (Lair:1)
  3 oklob plants (Lair:5)
  An ugly thing (D:11)
  A cyclops (Orc:1)
  5 orc sorcerers
  2 black mambas
  6 elephants (Lair:5)
  Joseph (D:7)
  7 spiny frogs
  2 rime drakes
  2 komodo dragons
  2 trolls (D:11)
  5 dream sheep (Lair:4)
  6 hippogriffs
  A wyvern (D:11)
  A shadow (D:11)
  2 wraiths
  12 yaks
  7 wargs
  3 swamp worms (Lair:4)
  2 nagas (Lair:4)
  3 water moccasins
  3 porcupines
  4 ice beasts
  A black bear (D:9)
  2 phantoms
  28 orc warriors
  3 sky beasts
  6 ogres
  A centaur (D:5)
  4 wolves (Lair:4)
  5 crocodiles
  14 bullfrogs
  2 big kobolds
  2 scorpions
  7 wights (D:7)
  11 killer bees (D:9)
  An electric eel (Orc:2)
  2 vampire bats (Lair:4)
  9 howler monkeys
  4 crimson imps
  4 hounds
  A quasit (D:7)
  24 orc priests
  A centaur skeleton (D:7)
  A gnoll shaman (D:7)
  29 orc wizards
  4 bullfrog skeletons
  Natasha (twice) (D:2)
  7 worker ants
  2 iguanas
  A killer bee zombie (D:8)
  A hound skeleton (D:7)
  3 worker ant zombies
  7 gnolls
  A howler monkey skeleton (D:8)
  11 adders
  2 river rats
  3 shadow imps (D:10)
  An adder zombie (D:5)
  A dart slug (D:4)
  6 leopard geckos
  76 orcs
  4 giant cockroaches
  4 goblins
  12 hobgoblins
  2 jackals (Sewer)
  17 kobolds
  7 quokkas
  5 ball pythons
  14 bats
  4 frilled lizards
  A leopard gecko skeleton (D:4)
  2 leopard gecko zombies
  16 rats
468 creatures vanquished.

Vanquished Creatures (others)
  An orc (Orc:1)
  2 fungi (Lair:4)
3 creatures vanquished.

Grand Total: 471 creatures vanquished

Notes
Turn   | Place    | Note
-------+----------+-------------------------------------------
     0 | D:1      | Jarno the Troll Warper began the quest for the Orb.
     0 | D:1      | Reached XP level 1. HP: 19/19 MP: 1/1
   149 | D:1      | Reached skill level 1 in Throwing
   229 | D:1      | Reached XP level 2. HP: 11/28 MP: 2/2
   955 | D:2      | Found a deep blue altar of Sif Muna.
  1091 | D:2      | Reached XP level 3. HP: 33/35 MP: 3/3
  1096 | D:2      | Learned a level 2 spell: Blink
  1273 | D:2      | Reached skill level 3 in Unarmed Combat
  1280 | D:2      | Reached XP level 4. HP: 15/42 MP: 4/4
  1429 | D:2      | Noticed Natasha
  1437 | D:2      | Killed Natasha
  1782 | D:2      | Noticed Natasha
  1789 | D:2      | Killed Natasha
  1827 | D:3      | Reached XP level 5. HP: 45/49 MP: 5/5
  1953 | D:3      | Learned a level 2 spell: Shroud of Golubria
  2524 | D:4      | Found a shadowy altar of Dithmenos.
  2607 | D:4      | Reached XP level 6. HP: 57/57 MP: 6/6
  3127 | D:5      | Entered Level 5 of the Dungeon
  3167 | D:5      | Noticed a sky beast
  3185 | D:5      | Killed a sky beast
  3185 | D:5      | Reached skill level 4 in Unarmed Combat
  3298 | D:5      | Found a glowing drain.
  3313 | Sewer    | Entered a sewer
  3391 | Sewer    | Reached XP level 7. HP: 65/65 MP: 7/7
  3403 | Sewer    | Reached skill level 1 in Charms
  3436 | Sewer    | Found a white marble altar of Elyvilon.
  3514 | D:5      | Found a glowing golden altar of the Shining One.
  3608 | D:5      | Reached skill level 5 in Unarmed Combat
  3899 | D:5      | Found a blossoming altar of Fedhas.
  3981 | D:5      | Found an opulent altar of Gozag.
  3981 | D:5      | Found a white marble altar of Elyvilon.
  4294 | D:6      | Reached skill level 6 in Unarmed Combat
  4294 | D:6      | Reached XP level 8. HP: 72/72 MP: 5/8
  4807 | D:7      | Noticed a hippogriff
  4814 | D:7      | Killed a hippogriff
  4814 | D:7      | Reached skill level 7 in Unarmed Combat
  5048 | D:7      | Found an iron altar of Okawaru.
  5143 | D:7      | Reached skill level 8 in Unarmed Combat
  5163 | D:7      | Reached XP level 9. HP: 61/80 MP: 9/9
  5206 | D:7      | Reached skill level 5 in Dodging
  5342 | D:7      | Found a staircase to the Ecumenical Temple.
  5459 | Temple   | Entered the Ecumenical Temple
  5692 | D:7      | Found Bokeriud's Book Boutique.
  5730 | D:7      | Found a glowing silver altar of Zin.
  5730 | D:7      | Found a basalt altar of Yredelemnul.
  5730 | D:7      | Noticed Joseph
  5738 | D:7      | Killed Joseph
  5738 | D:7      | Reached skill level 9 in Unarmed Combat
  5989 | D:8      | Reached skill level 1 in Evocations
  6350 | D:8      | Found a staircase to the Lair.
  6381 | D:8      | Reached skill level 10 in Unarmed Combat
  6499 | D:8      | Reached XP level 10. HP: 65/91 MP: 10/10
  6817 | D:8      | Found a burning altar of Makhleb.
  7143 | Lair:1   | Entered Level 1 of the Lair of Beasts
  7146 | Lair:1   | Noticed Shimatora's ghost (novice OpCj)
  7164 | Lair:1   | Killed Shimatora's ghost
  7164 | Lair:1   | Reached skill level 11 in Unarmed Combat
  7226 | Lair:1   | Noticed a spiny frog
  7234 | Lair:1   | Killed a spiny frog
  7396 | Lair:1   | Noticed a spiny frog
  7407 | Lair:1   | Killed a spiny frog
  7483 | Lair:1   | Noticed a spiny frog
  7497 | Lair:1   | Killed a spiny frog
  7506 | Lair:1   | Noticed a spiny frog
  7511 | Lair:1   | Killed a spiny frog
  7613 | Lair:1   | Reached skill level 12 in Unarmed Combat
  7923 | Lair:2   | Noticed Urug
  7934 | Lair:2   | Killed Urug
  7934 | Lair:2   | Reached XP level 11. HP: 20/101 MP: 11/11
  7939 | Lair:2   | Noticed Gastronok
  8413 | Lair:2   | Killed Gastronok
  8413 | Lair:2   | Reached skill level 5 in Fighting
  8413 | Lair:2   | Reached skill level 13 in Unarmed Combat
  8535 | Lair:2   | Noticed an eight-headed hydra
  9424 | Lair:4   | Found a staircase to the Snake Pit.
  9643 | Lair:4   | Reached skill level 1 in Shields
  9715 | Lair:4   | Found a staircase to the Swamp.
 10499 | Lair:5   | Found a shadowy altar of Dithmenos.
 10550 | Lair:5   | Noticed an oklob plant
 10571 | Lair:5   | Found a staircase to the Slime Pits.
 10571 | Lair:5   | Noticed an oklob plant
 10571 | Lair:5   | Noticed an oklob plant
 10579 | Lair:5   | Killed an oklob plant
 10579 | Lair:5   | Reached XP level 12. HP: 111/111 MP: 12/12
 10593 | Lair:5   | Reached skill level 5 in Shields
 10631 | Slime:1  | Entered Level 1 of the Pits of Slime
 10667 | Slime:1  | Noticed an azure jelly
 11061 | Temple   | Became a worshipper of Uskayaw the Reveler
 11116 | D:9      | Noticed a two-headed ogre
 11206 | D:9      | Reached * piety under Uskayaw
 11225 | D:9      | Reached ** piety under Uskayaw
 11227 | D:9      | Killed a two-headed ogre
 11227 | D:9      | Reached *** piety under Uskayaw
 11383 | D:9      | Reached **** piety under Uskayaw
 11511 | D:10     | Entered Level 10 of the Dungeon
 11937 | D:10     | Noticed Fannar
 11955 | D:10     | Killed Fannar
 12110 | D:10     | Found a shimmering altar of Xom.
 12110 | D:10     | Found a shimmering altar of Xom.
 12112 | D:10     | Found a shimmering altar of Xom.
 12112 | D:10     | Found a shimmering altar of Xom.
 12113 | D:10     | Found a shimmering altar of Xom.
 12114 | D:10     | Found a shimmering altar of Xom.
 12536 | D:11     | Noticed Maurice
 12640 | D:11     | Reached skill level 14 in Unarmed Combat
 12873 | D:11     | Noticed Erolcha
 12876 | D:11     | Killed Erolcha
 13019 | D:11     | Found a staircase to the Orcish Mines.
 13062 | Orc:1    | Entered Level 1 of the Orcish Mines
 13062 | Orc:1    | Found Diroz's Gadget Emporium.
 13073 | Orc:1    | Bought a wand of iceblast (9/15) for 143 gold pieces
 13073 | Orc:1    | Bought a sack of spiders for 220 gold pieces
 13073 | Orc:1    | Bought a lightning rod (4/4) for 440 gold pieces
 13166 | Orc:2    | Entered Level 2 of the Orcish Mines
 13209 | Orc:2    | Found a roughly hewn altar of Beogh.
 13396 | Orc:2    | Noticed an ettin
 13411 | Orc:2    | Reached skill level 1 in Invocations
 13421 | Orc:2    | Killed an ettin
 13421 | Orc:2    | Reached XP level 13. HP: 56/120 MP: 11/14
 13657 | Orc:2    | Found a roughly hewn altar of Beogh.
 13658 | Orc:2    | Found Xahoag's Armour Shoppe.
 13894 | Orc:2    | Found Ukodor's Assorted Antiques.
 13930 | Orc:1    | Noticed an orc warlord
 14031 | Orc:2    | Found a staircase to the Elven Halls.
 14039 | Orc:2    | Noticed an orc warlord
 14077 | Orc:2    | Killed an orc warlord
 14170 | Orc:2    | Found a roughly hewn altar of Beogh.
 14171 | Orc:2    | Found Viututh's Jewellery Shop.
 14224 | Orc:2    | Found a roughly hewn altar of Beogh.
 14271 | Orc:1    | Slain by an orc warrior

Vault maps used:
D:1:      nagdon_arrival_zigzag_paths, serial_bayou_pond_a
D:2:      lemuel_blue_sif_altar, uniq_natasha
D:3:      first_bread
D:4:      nicolae_dithmenos_the_darkroom, hangedman_decor_slide_cut,
          minmay_misc_feat_square
D:5:      kennysheep_mini, lemuel_doored_altar, gammafunk_temple_overflow_wave,
          portal_sewer_entry_e
D:7:      gammafunk_temple_overflow_pools, kennysheep_okawaru_gauntlet,
          minmay_temple_entry_statues, serial_shops, shop, uniq_joseph
D:8:      makhleb_grotto_becter, erik_lair_orcish_takeover
D:9:      david_nohive_1, eino_small_chamber_without_monster
D:10:     xom_shifter_show, uniq_fannar
D:11:     david_orc_4, uniq_snorg, uniq_erolcha, uniq_maurice
Temple:   minmay_temple_bridge_abc
Lair:2:   uniq_urug, uniq_gastronok
Lair:3:   infiniplex_staircase_pool_2
Lair:4:   nicolae_swamp_entry_splash_gauntlet, guppyfry_snake_entry_island,
          roderic_batcave, minivault_19, st_stairs_3, serial_bayou_lake_a
Lair:5:   minmay_slime_entry_oklob_enclosed, basic_altar, lemuel_fruit_tree
Orc:1:    serial_shops, shop
Orc:2:    grunt_orc_community_town_hall, grunt_orc_community_big_house_1,
          grunt_orc_community_big_house_1, grunt_orc_community_house_2,
          grunt_orc_community_house_1, grunt_orc_community_house_1,
          grunt_orc_community_house_2, serial_shops, nicolae_shop_trees,
          nicolae_orc_pool_cavern, nooodl_orcs_dogs
Sewer:    sewer_kobolds

Skill      XL: |  1  2  3  4  5  6  7  8  9 10 11 12 13 |
---------------+----------------------------------------+-----
Dodging        | 2 3 4 5 6 7 |  7.7
Throwing       | 1 |  1.0
Unarmed Combat | 3 4 6 8 10 12 13 14 | 14.3
Fighting       | 2 3 4 5 6 |  6.2
Translocations | 3 4 |  4.4
Charms         | 1 |  1.9
Evocations     | 1 2 3 4 |  4.8
Shields        | 4 7 |  7.9
Invocations    | 1 4 |  4.6
Spellcasting   | |  1.2

Action                   |  1- 3 |  4- 6 |  7- 9 | 10-12 | 13-15 || total
-------------------------+-------+-------+-------+-------+-------++-------
Melee: Unarmed           |    89 |   171 |   404 |   687 |   191 ||  1542
       Punch             |     1 |       |    11 |    10 |       ||    22
Throw: Tomahawk          |     1 |       |       |       |       ||     1
 Cast: Shroud of Golubri |       |       |     5 |     1 |       ||     6
       Blink             |       |       |       |     2 |       ||     2
Invok: Stomp             |       |       |       |       |     8 ||     8
 Abil: Evoke Berserk Rag |       |       |     4 |     7 |       ||    11
Evoke: Wand              |       |       |       |    11 |       ||    11
  Use: Scroll            |       |    13 |     2 |     4 |     2 ||    21
       Potion            |       |       |       |     4 |       ||     4
 Stab: Sleeping          |     1 |     1 |       |     1 |       ||     3
       Paralysed         |       |       |       |    17 |     8 ||    25
  Eat: Chunk             |    12 |    25 |    31 |    62 |    11 ||   141
       Royal jelly       |       |       |       |     4 |       ||     4
Armor: Robe              |    28 |    55 |   153 |   141 |    39 ||   416
Dodge: Dodged            |    62 |    64 |   205 |   264 |   108 ||   703
Block: Shield            |       |       |       |   249 |   161 ||   410
